 Dungeon Crawl Stone Soup version 0.31-a0-237-g2d982f9f85 (webtiles) character file.

Game seed: 1347435391442900653

21 shakesphere1979 the Shooter (level 2, -2/25 HPs)
             Began as a Hill Orc Hunter on July 12, 2023.
             Frozen to death by an endoplasm (5 damage)
             ... on level 2 of the Dungeon.
             The game lasted 00:05:02 (832 turns).

shakesphere1979 the Shooter (Hill Orc Hunter)        Turns: 832, Time: 00:05:03

Health: -2/25      AC:  3    Str: 13    XL:     2   Next: 87%
Magic:  2/2        EV: 12    Int:  9    God:
Gold:   24         SH:  0    Dex: 14    Spells: 1/1 levels left

rFire   . . .        k - +0 spear
rCold   . . .        (no shield)
rNeg    . . .        c - +0 leather armour
rPois   .            (no helmet)
rElec   .            (no cloak)
rCorr   .            (no gloves)
SInv    .            (no boots)
Will    .....        (no amulet)
Stlth   ++           (no ring)
HPRegen 0.24/turn    (no ring)
MPRegen 0.08/turn

%: no passive effects
@: no status effects
A: no striking features
a: no special abilities


You were on level 2 of the Dungeon.
You visited 1 branch of the dungeon, and saw 2 of its levels.

You collected 24 gold pieces.

Inventory:

Hand Weapons
 a - a +0 shortbow
 k - a +0 spear (weapon)
Missiles
 g - 13 stones
Armour
 c - a +0 leather armour (worn)
 m - a +0 ring mail
Scrolls
 d - a scroll of fear {unknown}
 e - a scroll of enchant armour {unknown}
 f - a scroll of teleportation {unknown}
 h - a scroll of brand weapon {unknown}
 j - a scroll of identify {unknown}
 l - a scroll of silence {unknown}
Potions
 i - a potion of curing {unknown}


   Skills:
 + Level 2.9 Fighting
 - Level 3.7 Ranged Weapons
 + Level 1.9 Dodging
 + Level 1.3 Stealth


You had one spell level left.
You didn't know any spells.
Your spell library was empty.

Dungeon Overview and Level Annotations

Branches:
Dungeon (2/15)

Altars:


Message History

You hit the kobold but do no damage.
The kobold is heavily wounded.
The kobold hits you with a +0 dagger.
* * * LOW HITPOINT WARNING * * *
The endoplasm hits you but does no damage.
You closely miss the kobold.
The kobold is heavily wounded.
The endoplasm freezes you.
You are frozen.
* * * LOW HITPOINT WARNING * * *
The kobold hits you with a +0 dagger.
* * * LOW HITPOINT WARNING * * *
As you read the scroll of butterflies, it crumbles to dust.
You hear the flapping of tiny wings.
The hobgoblin is knocked back by the sudden gust.
The endoplasm is knocked back by the sudden gust.
The kobold is knocked back by the sudden gust.
You swap places.
The kobold closely misses your butterfly.
You swap places.
The endoplasm closely misses your butterfly.
You swap places.
The kobold hits your butterfly with a +0 dagger.
Your butterfly dies!
Your butterfly disappears in a burst of colours!
The hobgoblin misses your butterfly. The endoplasm hits your butterfly.
Your butterfly dies!
Your butterfly disappears in a burst of colours!
You swap places.
The endoplasm hits your butterfly.
Your butterfly dies!
Your butterfly disappears in a burst of colours!
You swap places.
The endoplasm hits your butterfly.
Your butterfly dies!
Your butterfly disappears in a burst of colours!
The kobold hits you with a +0 dagger.
* * * LOW HITPOINT WARNING * * *
The hobgoblin closely misses your butterfly.
The endoplasm freezes you.
You are frozen.
You die...

#..b#
#..b#####+##
#.bbb.#..).#
##....bb#..#
#bbb.#..#.+
#..b.#....#
#
#gb.b##'###
#.. #KJ..#
..
#...##@bb.#
#..
.........b.#
...
##...##b...#
..w. ###
#bb...#
#.....#
...#+###
#.#..# #
#..# #..#


You could see an endoplasm (ally target), a hobgoblin (ally target) and a kobold
(ally target).

Vanquished Creatures
  2 ball pythons (D:1)
  3 endoplasms (D:1)
  3 goblins (D:1)
  3 hobgoblins (D:1)
  2 quokkas (D:1)
  A bat (D:1)
  2 frilled lizards (D:1)
  A kobold (D:2)
  3 rats (D:1)
20 creatures vanquished.

Notes
Turn   | Place    | Note
-------+----------+-------------------------------------------
     0 | D:1      | shakesphere1979 the Hill Orc Hunter began the quest for the
                  | Orb.
     0 | D:1      | Reached XP level 1. HP: 18/18 MP: 1/1
    93 | D:1      | Reached skill level 1 in Stealth
   119 | D:1      | Reached XP level 2. HP: 25/25 MP: 2/2
   119 | D:1      | Found a faded altar of an unknown god.
   832 | D:2      | Frozen to death by an endoplasm

Illustrated notes

Levels and vault maps discovered:
D:1:      heliophobic_arrival_battle_scene, layout_basic,
          shapermc_ecumenical_altar_totnotflames
D:2:      layout_basic, basic_altar, kennysheep_generic_room_14

Skill      XL: |  1 |
---------------+----+-----
Stealth        | 1 |  1.3
Fighting       | |  2.9
Ranged Weapons | |  3.7
Dodging        | |  1.9

Action                     || total
---------------------------++-------
  Melee: Spear             ||    25
   Fire: Shortbow          ||    30
    Use: Scroll            ||     1
   Stab: Sleeping          ||     2
 Armour: Leather armour    ||     6
  Dodge: Dodged            ||     8

Table legend: (Time is in decaauts)
 A = Elapsed time spent in this place.
 B = Non-inter-level travel time spent in this place.
 C = Inter-level travel time spent in this place.
 D = Time resting spent in this place.
 E = Time spent auto-exploring this place.
 F = Levels seen in this place.
 G = Mean time per level.
                   A        B        C        D        E       F      G
               +--------+--------+--------+--------+--------+-----+--------+
         Total |    841 |    841 |      0 |      0 |    574 |   2 |  420.5 |
       Dungeon |    841 |    841 |      0 |      0 |    574 |   2 |  420.5 |
               +--------+--------+--------+--------+--------+-----+--------+

Top non-repeatable levels by time:
     D:1: 783 daAuts
     D:2: 58 daAuts
